 Dungeon Crawl Stone Soup version 0.28-a0-519-gbfeecf2fc5 (webtiles) character file.

Game seed: 2065090822173197881

21204 SkeletonJelly the Fighter (level 12, -33/100 HPs)
             Began as a Gnoll Wanderer on Sept 23, 2021.
             Was an Elder of Sif Muna.
             Killed by an exploding themself (36 damage)
             ... ignited by their inner flame
             ... in an ice cave.
             The game lasted 01:18:44 (22339 turns).

SkeletonJelly the Fighter (Gnoll Wanderer)         Turns: 22339, Time: 01:18:44

Health: -33/100    AC:  7    Str:  9    XL:     12   Next: 87%
Magic:  7/32       EV: 15    Int: 25    God:    Sif Muna [****..]
Gold:   741        SH:  6    Dex: 12    Spells: 2/26 levels left

rFire   . . .      SeeInvis .   D - +11 flail of Due Proportion {freeze, Int+6}
rCold   . . .      Faith    .   E - +0 buckler
rNeg    + . .      Spirit   .   f - +1 robe {rN+}
rPois   .          Reflect  .   u - +1 helmet
rElec   .          Harm     .   (no cloak)
rCorr   +          Rampage  .   (no gloves)
Will    .....                   v - +0 pair of boots of the Merchant {Fly Will- rCorr}
Stlth   ++++......              m - amulet of magic regeneration
HPRegen 0.26/turn               P - ring of magical power
MPRegen 0.48/turn               w - ring of willpower

@: channelling, flying
A: fangs 1, strong nose, distributed training
a: Renounce Religion, Channel Magic, Forget Spell, Divine Exegesis


You were in an ice cave.
You worshipped Sif Muna.
Sif Muna was greatly pleased with you.
You visited 2 branches of the dungeon, and saw 13 of its levels.
You also visited: Ossuary and Ice Cave.

You collected 741 gold pieces.

Inventory:

Hand Weapons
 a - a +3 hand crossbow of flaming
 C - the +12 lajatang of Righteous Anger {holy, *Rage rF+}
   (You found it on level 8 of the Dungeon)

   It has been blessed by the Shining One to cause great damage to the undead
   and demons.
   rF:        It protects you from fire.
   *Rage:     It lets you go berserk by making a melee attack (+20% chance).
 D - the +11 flail of Due Proportion (weapon) {freeze, Int+6}
   (You found it on level 2 of the Lair of Beasts)

   It freezes those it strikes, dealing additional cold damage.
   It can also slow down cold-blooded creatures.
   Int:       It affects your intelligence (+6).
 J - a +0 whip of electrocution
 S - a +2 trident of venom
 X - the +9 rapier of Impermanence {flame, rF+ Will+ Int+4 Dex-4}
   (You found it on level 10 of the Dungeon)

   It burns those it strikes, dealing additional fire damage.
   Int:       It affects your intelligence (+4).
   Dex:       It affects your dexterity (-4).
   rF:        It protects you from fire.
   Will:      It increases your willpower.
Missiles
 d - 105 poisoned darts (quivered)
 O - 65 bolts
 Y - a throwing net
Armour
 e - a +0 kite shield
 f - a +1 robe of positive energy (worn)
 u - a +1 helmet (worn)
 v - the +0 pair of boots of the Merchant (worn) {Fly Will- rCorr}
   (You acquired it on level 8 of the Dungeon)

   Fly:       It grants you flight.
   rCorr:     It protects you from acid and corrosion.
   Will:      It decreases your willpower.
 E - a +0 buckler (worn)
 H - the +1 ring mail of Misanthropy {rC+ rN+ Dex+4}
   (You found it on level 5 of the Dungeon)

   Dex:       It affects your dexterity (+4).
   rC:        It protects you from cold.
   rN:        It protects you from negative energy.
Magical Staves
 W - a staff of fire
Jewellery
 b - an amulet of faith
 m - an amulet of magic regeneration (around neck)
 s - a ring of flight
 w - a ring of willpower (right hand)
 I - a ring of positive energy
 M - a +4 ring of evasion
 P - a ring of magical power (left hand)
 Q - a ring of ice
Wands
 p - a wand of charming (5)
 y - a wand of polymorph (4)
 N - a wand of flame (65)
 V - a wand of iceblast (14)
 Z - a wand of acid (13)
Scrolls
 i - 6 scrolls of identify
 j - 2 scrolls of fear
 n - 3 scrolls of enchant weapon
 q - 2 scrolls of magic mapping
 r - 3 scrolls of teleportation
 t - 2 scrolls of silence
 A - 3 scrolls of vulnerability
 B - 2 scrolls of enchant armour
 F - a scroll of torment
 K - a scroll of brand weapon
 U - 2 scrolls of fog
Potions
 c - a potion of lignification
 g - a potion of cancellation
 h - 5 potions of invisibility
 k - 3 potions of brilliance
 l - a potion of resistance
 o - 2 potions of magic
 x - 3 potions of might
 z - 2 potions of berserk rage
 G - a potion of mutation
 L - 4 potions of ambrosia {unknown}
 R - 2 potions of curing
 T - 2 potions of haste


   Skills:
 + Level 11.4 Fighting
 + Level 7.7 Short Blades
 + Level 7.7 Long Blades
 + Level 8.2 Axes
 + Level 7.7 Maces & Flails
 + Level 7.7 Polearms
 + Level 7.7 Staves
 + Level 7.7 Slings
 + Level 7.7 Bows
 + Level 9.0 Crossbows
 + Level 8.2 Throwing
 + Level 8.2 Armour
 + Level 7.7 Dodging
 + Level 7.7 Stealth
 + Level 7.7 Shields
 + Level 7.7 Unarmed Combat
 + Level 7.7 Spellcasting
 + Level 6.4 Conjurations
 + Level 6.4 Hexes
 + Level 6.4 Summonings
 + Level 6.4 Necromancy
 + Level 6.4 Translocations
 + Level 6.4 Transmutations
 + Level 6.4 Fire Magic
 + Level 6.4 Ice Magic
 + Level 6.4 Air Magic
 + Level 6.4 Earth Magic
 + Level 6.4 Poison Magic
 + Level 8.4 Invocations
 + Level 8.2 Evocations


You had 2 spell levels left.
You knew the following spells:

 Your Spells              Type           Power      Damage    Failure   Level
a - Summon Guardian Gole  Hex/Summ       41%        N/A       1%          3
c - Call Canine Familiar  Summ           41%        N/A       1%          3
g - Ignite Poison         Fire/Tmut/Pois 41%        N/A       1%          3
r - Olgreb's Toxic Radia  Pois           41%        N/A       4%          4
s - Airstrike             Air            20%        N/A       4%          4
x - Sticky Flame          Conj/Fire      41%        2d6       4%          4
S - Swiftness             Air            41%        N/A       1%          3

Your spell library contained the following spells:

 Spells                   Type           Power      Damage    Failure   Level
 Apportation              Tloc           82%        N/A       1%          1
 Shock                    Conj/Air       100%       1d9       1%          1
 Sting                    Tmut/Pois      100%       1d8       1%          1
 Summon Small Mammal      Summ           100%       N/A       1%          1
 Blink                    Tloc           N/A        N/A       1%          2
 Poisonous Vapours        Pois/Air       82%        N/A       1%          2
 Scorch                   Fire           82%        2d9       1%          2
 Conjure Flame            Conj/Fire      41%        6-21      1%          3
 Portal Projectile        Hex/Tloc       82%        N/A       1%          3
 Flame Wave               Conj/Fire      41%        3d8       4%          4
 Alistair's Intoxication  Tmut/Pois      27%        N/A       12%         5
 Blade Hands              Tmut           20%        N/A       12%         5
 Excruciating Wounds      Necr           20%        N/A       12%         5
 Manifold Assault         Tloc           41%        N/A       12%         5
 Invisibility             Hex            20%        N/A       56%         6
 Summon Cactus Giant      Summ           20%        N/A       56%         6
 Orb of Destruction       Conj           20%        9d9       98%         7
 Spellforged Servitor     Conj/Summ      20%        N/A       98%         7
 Storm Form               Tmut/Air       20%        N/A       98%         7


Dungeon Overview and Level Annotations

Branches:
Dungeon (10/15)            Temple (0/1) D:5            Lair (3/6) D:10
 Shoals (0/4) Lair:3          Orc (0/2) D:10        Ossuary (visited)
  IceCv (1/1)
  Snake: Lair:2-4    Spider: Lair:2-4

Altars:
Ashenzari
Cheibriados
Dithmenos
Fedhas
Nemelex Xobeh
Okawaru
Qazlal
Sif Muna
Vehumet
Yredelemnul
The Shining One

Shops:
D:3 *   D:5 [


Innate Abilities, Weirdness & Mutations

You have very sharp teeth.
Your uncanny sense of smell can sniff out nearby items.
Your experience applies equally to all skills.


Message History

You feel a bit more experienced. The ice dragon breathes frost at you.
The blast of cold misses you.
The ice dragon bites your guardian golem.
Flame seeps out of your guardian golem.
The ice dragon claws your guardian golem but does no damage.
The ice dragon tramples your guardian golem but does no damage.
Your wolf barely misses the ice dragon.
Your guardian golem is engulfed in blazing flames.
Flame seeps out of your guardian golem.
Your wolf bites the ice dragon.
The ice dragon bites your guardian golem but does no damage.
The ice dragon claws your guardian golem but does no damage.
The ice dragon tramples your guardian golem!
Your guardian golem stumbles backwards!
Your guardian golem disappears in a puff of smoke!
Your guardian golem explodes!
Your wolf barely misses the ice dragon.
Casting: Call Canine Familiar (safe; 1% risk of failure)
Confirm with . or Enter, or press ? or * to list all spells.
A guardian golem appears, shielding your allies.
Your wolf bites the ice dragon.
The ice dragon is engulfed in blazing flames.
Your wolf bites the ice dragon!
You now have 11/32 mp.
Casting: Summon Guardian Golem (safe; 1% risk of failure)
Confirm with . or Enter, or press ? or * to list all spells.
A guardian golem appears, shielding your allies.
Your guardian golem disappears in a puff of smoke!
The ice dragon is engulfed in blazing flames.
The lindwurm simulacrum bites your wolf!
The lindwurm simulacrum freezes your wolf!!
The lindwurm simulacrum claws your wolf!
The lindwurm simulacrum freezes your wolf!
Your wolf dies!
Your wolf's corpse disappears in a puff of smoke!
You now have 8/32 mp.
You swap places.
The ice dragon is engulfed in blazing flames.
The ice dragon bites your guardian golem but does no damage.
The ice dragon claws your guardian golem but does no damage.
The ice dragon tramples your guardian golem!
Your guardian golem holds its ground!
Your guardian golem overheats!
The ice dragon is engulfed in blazing flames.
The ice dragon bites your guardian golem but does no damage.
The ice dragon claws your guardian golem but does no damage.
The ice dragon tramples your guardian golem.
Flame seeps out of your guardian golem.
Your guardian golem stumbles backwards!
Casting: Summon Guardian Golem (safe; 1% risk of failure)
Confirm with . or Enter, or press ? or * to list all spells.
Aiming: Airstrike (dangerous; 4% risk of failure)
Press: ? - help, Dir - move target, f - ice dragon
Aim: an ice dragon (flame, severely wounded, ally target, empty space bonus: 3/8)
The air twists around and strikes the ice dragon.
The ice dragon is severely wounded.
The ice dragon is engulfed in blazing flames.
The lindwurm simulacrum is engulfed in blazing flames.
You now have 6/32 mp.
Casting: Airstrike (dangerous; 4% risk of failure)
Confirm with . or Enter, or press ? or * to list all spells.
You don't know that spell.
The ice dragon closely misses you. The ice dragon claws you!
The ice dragon misses you.
The lindwurm simulacrum is engulfed in blazing flames.
The lindwurm simulacrum vaporises!
Sif Muna accepts your kill.
You take 8 damage, and have 52/100 hp.
Casting: Airstrike (dangerous; 4% risk of failure)
Confirm with . or Enter, or press ? or * to list all spells.
Aiming: Airstrike (dangerous; 4% risk of failure)
Press: ? - help, Dir - move target, f/p - ice dragon
Aim: an ice dragon (almost dead, ally target, empty space bonus: 4/8)
The air twists around and strikes the ice dragon.
The ice dragon is almost dead.
The ice dragon bites you but does no damage.
The ice dragon closely misses you. The ice dragon tramples you.
You hold your ground!
You take 6 damage, and have 46/100 hp.
You now have 3/32 mp.
Casting: Airstrike (dangerous; 4% risk of failure)
Confirm with . or Enter, or press ? or * to list all spells.
You don't have enough magic to cast this spell.
Unknown command.
Casting: Airstrike (dangerous; 4% risk of failure)
Confirm with . or Enter, or press ? or * to list all spells.
You don't have enough magic to cast this spell.
The ice dragon breathes frost at you. The blast of cold hits you!!!
* * * LOW HITPOINT WARNING * * *
The lindwurm simulacrum bites your guardian golem.
Flame seeps out of your guardian golem.
The lindwurm simulacrum freezes your guardian golem!
Your guardian golem resists.
Flame seeps out of your guardian golem.
The lindwurm simulacrum claws your guardian golem but does no damage.
The lindwurm simulacrum claws your guardian golem!
Your guardian golem disappears in a puff of smoke!
Your guardian golem explodes!
The fiery explosion engulfs you!!!
You die...

########
####Z.....#
##.○Z§○.#.....#
#.@D##.## .....
#####..###∆∆
.... #...##.# ∆
∆ ...
##.#....#∆∆∆∆∆
∆.$ ##..###.##
∆∆ ∆∆∆#
####..## ###
####....##
###......##
##...######


You could see an ice dragon (catching breath), a komodo dragon simulacrum and a
lindwurm simulacrum.

Vanquished Creatures
  An elephant (Lair:2)
  A black mamba (Lair:1)
  3 cane toads (Lair:1)
  Joseph (D:10)
  2 ice statues (IceCv)
  2 komodo dragons
  6 rime drakes
  A queen bee (Lair:2)
  4 blink frogs
  7 yaks
  A vampire (D:9)
  4 basilisks
  4 wyverns
  A steam dragon (D:7)
  6 water moccasins
  An ice beast (D:7)
  A necrophage (D:6)
  4 ogres
  10 wolves
  2 centaurs
  3 kobold brigands
  Blork the orc (D:5)
  7 bullfrogs
  A water moccasin zombie (D:5)
  2 lindwurm simulacra (IceCv)
  23 killer bees (Lair:2)
  An elephant simulacrum (Lair:3)
  10 wights
  A howler monkey (D:4)
  A jelly (D:4)
  An electric eel (Lair:1)
  3 komodo dragon simulacra (IceCv)
  3 centaur zombies
  2 bullfrog zombies (D:6)
  2 hounds
  5 orc priests
  A bullfrog skeleton (D:6)
  6 orc wizards
  Terence (D:3)
  An iguana (D:6)
  A hell rat (Lair:2)
  2 mummies (Ossuary)
  Robin (D:3)
  3 acid dragon simulacra (IceCv)
  7 gnolls
  A river rat (Lair:2)
  8 adders
  3 white imps
  2 steam dragon simulacra (IceCv)
  An adder skeleton (D:4)
  3 adder zombies
  4 worms
  5 dart slugs
  17 orcs
  4 ball pythons
  15 endoplasms
  4 giant cockroaches
  14 hobgoblins
  8 jackals
  16 kobolds
  2 quokkas
  7 bats
  2 frilled lizards (D:1)
  5 gnoll zombies (Ossuary)
  16 goblins
  2 hobgoblin zombies (Ossuary)
  6 kobold zombies (Ossuary)
  2 orc zombies (Ossuary)
  9 rats
307 creatures vanquished.

Vanquished Creatures (collateral kills)
  A yak (D:7)
  A water moccasin (Lair:2)
  A sky beast (D:7)
  4 wolves (Lair:1)
  A cane toad simulacrum (Lair:3)
  2 wights (D:9)
  A killer bee (Lair:2)
  3 acid dragon simulacra (IceCv)
  3 steam dragon simulacra (IceCv)
  2 orcs
  3 kobolds
22 creatures vanquished.

Vanquished Creatures (others)
  Erolcha (D:9)
  A hydra (Lair:1)
  A deep elf pyromancer (D:7)
  A manticore (Lair:2)
  A cyclops (D:9)
  2 cane toads
  A komodo dragon (D:10)
  15 yaks
  A steam dragon (Lair:2)
  2 water moccasins
  2 orc warriors
  An ice beast (D:7)
  3 ogres
  A gnoll sergeant (D:9)
  2 scorpions (D:6)
  A lindwurm simulacrum (IceCv)
  7 killer bees
  5 wights
  A jelly (D:7)
  A komodo dragon simulacrum (IceCv)
  An orc priest (D:9)
  An iguana (D:5)
  2 orc wizards
  A steam dragon simulacrum (IceCv)
  6 orcs
  A kobold (D:9)
  12 fungi
  20 plants
94 creatures vanquished.

Grand Total: 423 creatures vanquished

Notes
Turn   | Place    | Note
-------+----------+-------------------------------------------
     0 | D:1      | SkeletonJelly the Gnoll Wanderer began the quest for the
                  | Orb.
     0 | D:1      | SkeletonJelly set off with the following items: a +2 hand
                  | crossbow, 25 bolts, a potion of lignification, 9 poisoned
                  | darts, a +0 dagger, a +0 robe
     0 | D:1      | Reached XP level 1. HP: 26/26 MP: 1/1
   244 | D:1      | Reached XP level 2. HP: 33/33 MP: 2/2
   273 | D:1      | Upgraded the game from 0.28-a0-514-g0d7ab7f379 to
                  | 0.28-a0-519-gbfeecf2fc5
   339 | D:1      | You fall into a shaft and drop 1 floor!
   339 | D:2      | Found a radiant altar of Vehumet.
   442 | D:2      | Reached XP level 3. HP: 30/38 MP: 3/3
   728 | D:1      | Reached skill level 1 in Invocations
  1055 | D:2      | Reached skill level 1 in Short Blades
  1055 | D:2      | Reached skill level 1 in Long Blades
  1055 | D:2      | Reached skill level 1 in Maces & Flails
  1055 | D:2      | Reached skill level 1 in Polearms
  1055 | D:2      | Reached skill level 1 in Staves
  1055 | D:2      | Reached skill level 1 in Slings
  1055 | D:2      | Reached skill level 1 in Bows
  1055 | D:2      | Reached skill level 1 in Dodging
  1055 | D:2      | Reached skill level 1 in Stealth
  1055 | D:2      | Reached skill level 1 in Shields
  1055 | D:2      | Reached skill level 1 in Unarmed Combat
  1055 | D:2      | Reached skill level 1 in Spellcasting
  1116 | D:2      | Reached XP level 4. HP: 45/45 MP: 5/5
  1444 | D:2      | Reached skill level 1 in Conjurations
  1444 | D:2      | Reached skill level 1 in Hexes
  1444 | D:2      | Reached skill level 1 in Summonings
  1444 | D:2      | Reached skill level 1 in Necromancy
  1444 | D:2      | Reached skill level 1 in Translocations
  1444 | D:2      | Reached skill level 1 in Transmutations
  1444 | D:2      | Reached skill level 1 in Fire Magic
  1444 | D:2      | Reached skill level 1 in Ice Magic
  1444 | D:2      | Reached skill level 1 in Air Magic
  1444 | D:2      | Reached skill level 1 in Earth Magic
  1444 | D:2      | Reached skill level 1 in Poison Magic
  2175 | D:3      | Reached XP level 5. HP: 51/51 MP: 6/6
  2220 | D:3      | Found Girev's General Store.
  2374 | D:3      | Learned a level 3 spell: Summon Guardian Golem
  2471 | D:3      | Noticed Robin
  2644 | D:3      | Killed Robin
  2713 | D:3      | Noticed Terence
  2740 | D:3      | Killed Terence
  2899 | D:3      | Found a large runed translucent door.
  2902 | D:3      | Found a large runed translucent door.
  3194 | D:3      | Found a stormy altar of Qazlal.
  3210 | D:3      | Found a shimmering blue altar of Sif Muna.
  3223 | D:3      | Became a worshipper of Sif Muna the Loreminder
  3364 | D:4      | Found a sand-covered staircase.
  3373 | Ossuary  | Entered an ossuary
  3524 | Ossuary  | Reached XP level 6. HP: 52/57 MP: 8/8
  3790 | D:4      | Reached skill level 5 in Crossbows
  4124 | D:4      | Reached XP level 7. HP: 45/63 MP: 10/10
  4153 | D:4      | Reached * piety under Sif Muna
  4980 | D:5      | Entered Level 5 of the Dungeon
  5229 | D:5      | Found a staircase to the Ecumenical Temple.
  5259 | D:5      | Reached skill level 9 in Fighting
  5330 | D:5      | Noticed Blork the orc
  5336 | D:5      | Killed Blork the orc
  5358 | D:5      | Identified the +1 ring mail of Misanthropy {rC+ rN+ Dex+4}
  5455 | D:5      | Learned a level 2 spell: Blink
  5543 | D:5      | Found Sanolual's Armour Emporium.
  5699 | D:5      | Reached XP level 8. HP: 49/71 MP: 12/12
  7711 | D:6      | Reached XP level 9. HP: 77/77 MP: 10/14
  7715 | D:6      | Learned a level 3 spell: Swiftness
  8710 | D:7      | Found an iron altar of Okawaru.
  8729 | D:7      | Reached skill level 5 in Axes
  8729 | D:7      | Reached skill level 5 in Throwing
  8729 | D:7      | Reached skill level 5 in Armour
  8729 | D:7      | Reached skill level 5 in Evocations
  8981 | D:7      | Reached skill level 5 in Invocations
  9212 | D:7      | Reached ** piety under Sif Muna
 10005 | D:7      | Found a glowing golden altar of the Shining One.
 10056 | D:7      | Reached XP level 10. HP: 85/85 MP: 12/17
 10161 | D:7      | Learned a level 3 spell: Call Canine Familiar
 10176 | D:7      | Reached skill level 5 in Short Blades
 10176 | D:7      | Reached skill level 5 in Long Blades
 10176 | D:7      | Reached skill level 5 in Maces & Flails
 10176 | D:7      | Reached skill level 5 in Polearms
 10176 | D:7      | Reached skill level 5 in Staves
 10176 | D:7      | Reached skill level 5 in Slings
 10176 | D:7      | Reached skill level 5 in Bows
 10176 | D:7      | Reached skill level 5 in Dodging
 10176 | D:7      | Reached skill level 5 in Stealth
 10176 | D:7      | Reached skill level 5 in Shields
 10176 | D:7      | Reached skill level 5 in Unarmed Combat
 10176 | D:7      | Reached skill level 5 in Spellcasting
 10374 | D:7      | Noticed a deep elf pyromancer
 10392 | D:7      | Killed a deep elf pyromancer
 10393 | D:7      | Reached skill level 10 in Fighting
 10941 | D:7      | Learned a level 4 spell: Sticky Flame
 11217 | D:8      | Identified a scroll of acquirement
 11692 | D:8      | Found a shadowy altar of Dithmenos.
 12090 | D:8      | Identified the +12 lajatang of Righteous Anger {holy, *Rage
                  | rF+}
 12153 | D:8      | Learned a level 3 spell: Ignite Poison
 12451 | D:9      | Noticed a cyclops
 12885 | D:9      | Noticed Erolcha
 12898 | D:9      | Killed Erolcha
 12899 | D:9      | Reached XP level 11. HP: 79/92 MP: 13/19
 13021 | D:9      | Reached *** piety under Sif Muna
 13477 | D:9      | Found a basalt altar of Yredelemnul.
 13479 | D:9      | Found a snail-covered altar of Cheibriados.
 13479 | D:9      | Found a broken altar of Ashenzari.
 13506 | D:9      | Killed a cyclops
 13507 | D:9      | Reached skill level 5 in Conjurations
 13507 | D:9      | Reached skill level 5 in Hexes
 13507 | D:9      | Reached skill level 5 in Summonings
 13507 | D:9      | Reached skill level 5 in Necromancy
 13507 | D:9      | Reached skill level 5 in Translocations
 13507 | D:9      | Reached skill level 5 in Transmutations
 13507 | D:9      | Reached skill level 5 in Fire Magic
 13507 | D:9      | Reached skill level 5 in Ice Magic
 13507 | D:9      | Reached skill level 5 in Air Magic
 13507 | D:9      | Reached skill level 5 in Earth Magic
 13507 | D:9      | Reached skill level 5 in Poison Magic
 13847 | D:9      | Found a blossoming altar of Fedhas.
 14210 | D:9      | Found a sparkling altar of Nemelex Xobeh.
 15016 | D:9      | Learned a level 4 spell: Airstrike
 15017 | D:10     | Entered Level 10 of the Dungeon
 15646 | D:10     | Noticed Joseph
 15652 | D:10     | Killed Joseph
 15774 | D:10     | Found a staircase to the Orcish Mines.
 16046 | D:10     | Found a staircase to the Lair.
 16404 | D:10     | Identified the +9 rapier of Impermanence {flame, rF+ Will+
                  | Int+4 Dex-4}
 16508 | Lair:1   | Entered Level 1 of the Lair of Beasts
 16557 | Lair:1   | Noticed a five-headed hydra
 16568 | Lair:1   | Killed a five-headed hydra
 16922 | Lair:1   | Acquired the +0 pair of boots of the Merchant {Fly Will-
                  | rCorr}
 17100 | Lair:1   | Reached **** piety under Sif Muna
 17675 | Lair:1   | Reached XP level 12. HP: 99/99 MP: 21/22
 17982 | Lair:1   | Reached skill level 11 in Fighting
 18474 | Lair:2   | Identified the +11 flail of Due Proportion {freeze, Int+6}
 18558 | Lair:2   | Acquired a Young Poisoner's Handbook
 18566 | Lair:2   | Acquired an amulet of magic regeneration
 19260 | Lair:2   | Learned a level 4 spell: Olgreb's Toxic Radiance
 20604 | Lair:3   | Found a frozen archway.
 20854 | IceCv    | Entered an ice cave
 22313 | IceCv    | Noticed an ice dragon
 22339 | IceCv    | HP: 3/100 [ice dragon/blast of cold (44)]
 22339 | IceCv    | Killed by an exploding themself... ignited by their inner
                  | flame

Illustrated notes

Levels and vault maps discovered:
D:1:      dpeg_arrival_shelter, layout_basic, kennysheep_another_room
D:2:      layout_loops_corners, basic_altar, minmay_pentomino_w4
D:3:      kennysheep_six_static_rooms, layout_basic, jmf_multi_god_temple2,
          serial_shops, shop, uniq_terence, uniq_robin
D:4:      layout_gridville, enter_ossuary_5, serial_bayou_pond_e
D:5:      layout_basic, minmay_temple_entry_statues_fountains, serial_shops,
          nicolae_shop_behind_doors, minmay_crystal_water, uniq_blork_the_orc
D:6:      layout_basic
D:7:      layout_basic, okawaru_trees_2, mainiacjoe_overflow_brackets,
          guppyfry_early_elven_hall
D:8:      layout_loops_ring, nicolae_dithmenos_shadow_blocks,
          lemuel_old_faithful
D:9:      layout_cave_pods, chequers_temple_overflow_statue_of_worship,
          mainiacjoe_overflow_two_lobes, nzn_life_drinkers, uniq_erolcha
D:10:     layout_gridville, david_lair_shrubbed, orc_0_dummy, uniq_joseph
Lair:1:   layout_chaotic_city, serial_bayou_pond_b, grunt_megastairs_3
Lair:2:   regret_index_wax_grids, layout_cave_pods
Lair:3:   layout_cave_pods, elwin_shoals_entry_stream,
          portal_ice_cave_entry_ice_simulacra, minivault_11
IceCv:    ice_cave_small_dragons

Skill      XL: |  1  2  3  4  5  6  7  8  9 10 11 12 |
---------------+-------------------------------------+-----
Invocations    | 1 2 3 4 5 6 7 8 |  8.4
Short Blades   | 1 2 3 4 5 6 7 |  7.7
Long Blades    | 1 2 3 4 5 6 7 |  7.7
Maces & Flails | 1 2 3 4 5 6 7 |  7.7
Polearms       | 1 2 3 4 5 6 7 |  7.7
Staves         | 1 2 3 4 5 6 7 |  7.7
Slings         | 1 2 3 4 5 6 7 |  7.7
Bows           | 1 2 3 4 5 6 7 |  7.7
Dodging        | 1 2 3 4 5 6 7 |  7.7
Stealth        | 1 2 3 4 5 6 7 |  7.7
Shields        | 1 2 3 4 5 6 7 |  7.7
Unarmed Combat | 1 2 3 4 5 6 7 |  7.7
Spellcasting   | 1 2 3 4 5 6 7 |  7.7
Conjurations   | 1 2 3 4 5 6 |  6.4
Hexes          | 1 2 3 4 5 6 |  6.4
Summonings     | 1 2 3 4 5 6 |  6.4
Necromancy     | 1 2 3 4 5 6 |  6.4
Translocations | 1 2 3 4 5 6 |  6.4
Transmutations | 1 2 3 4 5 6 |  6.4
Fire Magic     | 1 2 3 4 5 6 |  6.4
Ice Magic      | 1 2 3 4 5 6 |  6.4
Air Magic      | 1 2 3 4 5 6 |  6.4
Earth Magic    | 1 2 3 4 5 6 |  6.4
Poison Magic   | 1 2 3 4 5 6 |  6.4
Axes           | 3 4 5 6 7 8 |  8.2
Throwing       | 3 4 5 6 7 8 |  8.2
Armour         | 3 4 5 6 7 8 |  8.2
Evocations     | 3 4 5 6 7 8 |  8.2
Crossbows      | 5 6 7 8 9 |  9.0
Fighting       | 9 10 11 | 11.4

Action                   |  1- 3 |  4- 6 |  7- 9 | 10-12 || total
-------------------------+-------+-------+-------+-------++-------
Melee: Scimitar          |       |   183 |     4 |       ||   187
       Bite              |       |    11 |    11 |    13 ||    35
       Trident           |       |       |    44 |    74 ||   118
       Punch             |       |       |     3 |       ||     3
       Whip              |       |       |    92 |   116 ||   208
       Rapier            |       |       |       |    36 ||    36
       Lajatang          |       |       |       |     2 ||     2
       Flail             |       |       |       |   101 ||   101
 Fire: Hand crossbow     |    68 |    82 |    56 |    11 ||   217
Throw: Dart              |       |       |     5 |       ||     5
 Cast: Summon Guardian G |       |       |    35 |    78 ||   113
       Swiftness         |       |       |     1 |       ||     1
       Call Canine Famil |       |       |       |    62 ||    62
       Airstrike         |       |       |       |    61 ||    61
       Ignite Poison     |       |       |       |    14 ||    14
       Sticky Flame      |       |       |       |    15 ||    15
       Olgreb's Toxic Ra |       |       |       |    21 ||    21
Invok: Channel Magic     |       |       |       |     3 ||     3
       Forget Spell      |       |       |       |     1 ||     1
Evoke: Wand              |       |       |     1 |       ||     1
  Use: Scroll            |       |     4 |     1 |    28 ||    33
 Stab: Sleeping          |       |     4 |       |     5 ||     9
Armor: Robe              |     4 |    38 |    53 |    62 ||   157
Dodge: Dodged            |    10 |   132 |   135 |   256 ||   533
Block: Buckler           |       |       |       |    65 ||    65

Table legend: (Time is in decaauts)
 A = Elapsed time spent in this place.
 B = Non-inter-level travel time spent in this place.
 C = Inter-level travel time spent in this place.
 D = Time resting spent in this place.
 E = Time spent auto-exploring this place.
 F = Levels seen in this place.
 G = Mean time per level.
                   A        B        C        D        E       F      G
               +--------+--------+--------+--------+--------+-----+--------+
         Total |  22394 |  21386 |   1008 |    907 |  16910 |  15 | 1492.9 |
       Dungeon |  16282 |  15457 |    825 |    140 |  12630 |  10 | 1628.2 |
          Lair |   4345 |   4162 |    183 |    490 |   3091 |   3 | 1448.3 |
       Ossuary |    282 |    282 |      0 |      0 |    167 |   1 |  282.0 |
      Ice Cave |   1483 |   1483 |      0 |    277 |   1022 |   1 | 1483.0 |
               +--------+--------+--------+--------+--------+-----+--------+

Top non-repeatable levels by time:
     D:9: 2826 daAuts
     D:7: 2661 daAuts
  Lair:2: 2218 daAuts
     D:5: 1942 daAuts
  Lair:1: 1853 daAuts
     D:6: 1498 daAuts
    D:10: 1485 daAuts
   IceCv: 1483 daAuts
     D:4: 1479 daAuts
     D:3: 1278 daAuts
     D:2: 1177 daAuts
     D:8: 1000 daAuts
     D:1: 931 daAuts
 Ossuary: 282 daAuts
  Lair:3: 273 daAuts
